 Dungeon Crawl Stone Soup version 0.18-a0-1789-gbeff17f (webtiles) character file.

41 Moloch the Cudgeler (level 3, -1/54 HPs)
             Began as an Ogre Gladiator on Apr 21, 2016.
             Slain by a human (6 damage)
             ... on level 2 of the Dungeon.
             The game lasted 00:02:32 (1255 turns).

Moloch the Cudgeler (Ogre Gladiator)                Turns: 1255, Time: 00:02:32

Health: -1/54      AC: 21    Str: 21    XL:     3   Next: 52%
Magic:  3/3        EV:  1    Int:  7    God:
Gold:   76         SH:  0    Dex: 10    Spells: 0 memorised, 2 levels left

rFire  . . .     SeeInvis .     a - +0 flail
rCold  . . .     Gourm    .     (armour currently unavailable)
rNeg   + + +     Faith    .     (no shield)
rPois  +         Spirit   .     (helmet currently unavailable)
rElec  .         Dismiss  .     (cloak currently unavailable)
rCorr  .         Reflect  .     (gloves unavailable)
SustAt .         Harm     .     (boots unavailable)
MR     .....     NoTele   +     (no amulet)
Stlth  +.........               (no ring)
                                (no ring)

@: lethally poisoned (-1 -> -2), tree-form, not resistant to hostile
enchantments, very unstealthy
A: unfitting armour, (tough skin 0)
a: no special abilities


You were on level 2 of the Dungeon.
You were not hungry.
You were a tree.
You visited 1 branch of the dungeon, and saw 2 of its levels.

You collected 76 gold pieces.

Inventory:

Hand Weapons
 a - a +0 flail (weapon)
Missiles
 e - 48 stones (quivered)
 h - 54 sling bullets
 p - 9 poisoned needles
Armour
 b - a +0 robe (melded)
 c - a +0 hat (melded)
Jewellery
 l - a +5 ring of intelligence {unknown}
 q - an uncursed ring of ice
Scrolls
 g - 3 scrolls of teleportation {unknown}
 j - 5 scrolls of identify {unknown}
 n - a scroll of recharging {unknown}
Potions
 o - a potion of heal wounds {unknown}
Comestibles
 f - 3 bread rations
 i - 2 chunks of flesh
 k - 2 meat rations


   Skills:
 - Level 2.6 Fighting
 + Level 5.5 Maces & Flails
 + Level 2.4 Throwing
 - Level 2.6 Dodging


You had 2 spell levels left.
You didn't know any spells.

Dungeon Overview and Level Annotations

Branches:
Dungeon (2/15)

Altars:
Yredelemnul
Zin


Innate Abilities, Weirdness & Mutations

You are too large for most types of armour.
((You have tough skin (AC +1).))


Message History

The adder bites you but does no damage.
You closely miss the human.
The human is moderately wounded.
The adder bites you but does no damage. The human hits you.
* * * LOW HITPOINT WARNING * * *
You thump the human!
The human is heavily wounded.
The adder bites you but does no damage. The human hits you but does no damage.
The adder bites you but does no damage.
You hit the human but do no damage.
The human is heavily wounded.
The human hits you but does no damage. The adder bites you but does no damage.
You hit the human.
The human is severely wounded.
You feel sick. The adder bites you but does no damage.
The human hits you but does no damage. The adder bites you but does no damage.
You closely miss the human.
The human is severely wounded.
The human hits you.
You die...

........#.#.............#
........#.#.#.#.#.#.#####
#.#####.#.#.#.#.#.#.#
#.........#.#.#.#.#.#
#.........#.#.#.#.#.#
#......[..#.#.#.#.#.#
#.........#.....#.#.#
..........###.###p#.#
..#####.#.....wS♣.#.#
..#####.###.#######.#
.>.......<. #.......#
..........# #.#######
........).# #.#
...#.)....# #.#
####......# #.#
#####.....###.#
#...#.###.....#


You could see a human, a worm and an adder.

Vanquished Creatures
  An adder (D:2)
  2 giant cockroaches
  3 goblins
  3 hobgoblins
  4 jackals (D:2)
  6 bats
  3 giant newts (D:2)
  5 kobolds
  A kobold zombie (D:2)
  2 rats (D:2)
30 creatures vanquished.

Notes
Turn   | Place    | Note
--------------------------------------------------------------
     0 | D:1      | Moloch the Ogre Gladiator began the quest for the Orb.
     0 | D:1      | Reached XP level 1. HP: 22/22 MP: 1/1
   123 | D:1      | Reached XP level 2. HP: 29/29 MP: 2/2
   636 | D:2      | Found a glowing silver altar of Zin.
   665 | D:2      | Reached skill level 5 in Maces & Flails
   665 | D:2      | Reached XP level 3. HP: 36/36 MP: 3/3
  1180 | D:2      | Found a runed door.
  1180 | D:2      | Noticed a human
  1184 | D:2      | Found a basalt altar of Yredelemnul.
  1255 | D:2      | Slain by a human

Vault maps used:
D:1:      dpeg_arrival_pits
D:2:      old_standard_altar, dk_yredelemnul_ordeal

Skill      XL: |  1  2 |
---------------+-------+-----
Maces & Flails | 5 |  5.5
Fighting       | |  2.6
Throwing       | |  2.4
Dodging        | |  2.6

Action                   || total
-------------------------++-------
Melee: Flail             ||   105
Throw: Throwing net      ||     4
  Use: Potion            ||     1
 Stab: Held in net/web   ||     1
  Eat: Chunk             ||     1
Armor: Robe              ||    42
       Skin              ||    15
Dodge: Dodged            ||    60
